Map: Orbital Shipyard

Players

Zalot

  • Race: Protoss Protoss
  • League: Gold

Frozzen - Winner!

  • Race: Zerg Zerg
  • League: Diamond

VOD

Have the link to the VOD?

Description

Time

  • Played on: Nov. 20, 2015, 9:38 p.m.
  • Length: 8:08
Show
View Real Time Build Order
Export as new Build Order

Zalot Protoss 

Build Orders: Blink Stalkers 

Get SALT Encoding   

  12  0:02  Probe (Chrono Boost)  
  13  0:12  Probe (Chrono Boost)  
  14  0:18  Pylon  
  14  0:23  Probe (Chrono Boost)  
  15  0:37  Probe (Chrono Boost)  
  15  0:39  Gateway  
  16  0:47  Probe (Chrono Boost)  
  17  0:50  Assimilator  
  17  0:58  Probe (Chrono Boost)  
  17  1:00  Assimilator  
  18  1:08  Probe (Chrono Boost)  
  19  1:19  Probe (Chrono Boost)  
  20  1:26  Cybernetics Core  
  20  1:29  Probe (Chrono Boost)  
  21  1:33  Pylon  
  21  1:40  Probe (Chrono Boost)  
  22  1:50  Probe (Chrono Boost)  
  23  1:56  Forge  
  23  2:04  Sentry  
  23  2:06  Mothership Core (Chrono Boost)  
  27  2:08  Warp Gate (Chrono Boost)  
  27  2:25  Probe (Chrono Boost)  
  28  2:30  Adept  
  28  2:35  Probe (Chrono Boost)  
  28  2:36  Pylon  
  31  2:52  Nexus  
  31  3:08  Adept  
  33  3:19  Robotics Facility  
  33  3:20  Twilight Council  
  33  3:23  Probe (Chrono Boost)  
  34  3:34  Probe (Chrono Boost)  
  35  3:35  Adept  
  37  3:42  Pylon  
  37  3:44  Probe (Chrono Boost)  
  38  3:52  Pylon  
  38  3:55  Gateway  
  38  4:05  Blink (Chrono Boost)  
  38  4:08  Warp Prism  
  40  4:25  Gateway x2  
  40  4:30  Probe  
  41  4:31  Probe  
  42  4:43  Probe  
  43  4:56  Nexus  
  43  4:59  Pylon  
  43  5:08  Probe  
  43  5:13  Pylon  
  44  5:18  Probe  
  45  5:29  Probe  
  44  5:39  Probe, Adept x3  
  44  5:40  Adept  
  49  5:59  Pylon  
  49  6:01  Pylon  
  49  6:14  Probe  
  49  6:17  Probe  
  49  6:18  Probe  
  52  6:23  Assimilator  
  52  6:25  Probe  
  52  6:26  Pylon  
  52  6:27  Probe, Assimilator  
  52  6:30  Probe  
  55  6:35  Probe  
  55  6:38  Probe  
  57  6:40  Stalker x2  
  57  6:41  Stalker x2  
  57  6:42  Probe  
  57  6:46  Probe  
  66  6:48  Probe  
  66  6:49  Immortal  
  72  6:54  Probe  
  72  6:57  Probe  
  55  7:12  Adept  
  55  7:13  Adept x3  
  50  7:39  Adept  
  50  7:40  Adept x2  
Show
View Real Time Build Order
Export as new Build Order

Frozzen Zerg - Winner!

Build Orders: Hatch First 

Get SALT Encoding   

  12  0:01  Drone  
  13  0:12  Overlord  
  13  0:17  Drone  
  14  0:31  Drone x2  
  14  0:34  Drone  
  17  0:52  Hatchery  
  17  0:56  Drone  
  17  0:58  Drone  
  18  1:06  Drone  
  18  1:08  Extractor  
  18  1:16  Spawning Pool  
  17  1:30  Overlord  
  17  1:57  Drone x3  
  20  2:04  Queen x2  
  20  2:05  Zergling x2  
  25  2:09  Drone  
  25  2:14  Metabolic Boost  
  25  2:15  Drone  
  27  2:25  Drone  
  28  2:34  Drone x2  
  30  2:38  Overlord  
  30  2:39  Queen  
  32  2:47  Drone  
  32  2:48  Drone  
  34  2:52  Lair  
  34  2:56  Drone  
  34  2:58  Drone  
  36  3:01  Drone  
  36  3:08  Drone  
  36  3:12  Drone  
  38  3:15  Extractor  
  38  3:18  Evolution Chamber  
  36  3:20  Drone x5  
  36  3:22  Overlord  
  41  3:27  Drone  
  41  3:31  Drone  
  43  3:42  Drone  
  43  3:43  Drone, Extractor  
  43  3:44  Zerg Missile Weapons Level 1  
  43  3:46  Drone x3  
  43  3:48  Drone x3  
  48  3:54  Hydralisk Den  
  49  3:56  Overlord  
  49  4:03  Drone, Extractor  
  50  4:10  Drone  
  50  4:12  Drone  
  51  4:28  Drone x3  
  51  4:29  Overlord x2  
  51  4:30  Overlord x2  
  54  4:40  Overseer  
  54  4:43  Hatchery  
  53  4:47  Drone  
  53  4:48  Drone  
  55  4:57  Hydralisk x2  
  55  4:58  Hydralisk x5  
  69  5:02  Muscular Augments  
  69  5:27  Hydralisk x3  
  69  5:28  Hydralisk x3  
  80  5:41  Hydralisk  
  80  5:42  Hydralisk x2  
  82  5:44  Overlord  
  82  5:45  Overlord  
  82  5:49  Drone x3  
  85  5:57  Drone  
  85  5:58  Drone x4  
  85  6:03  Hatchery  
  89  6:11  Hydralisk x2  
  93  6:18  Overseer  
  93  6:21  Zergling x2  
  93  6:22  Zergling x10  
  99  6:31  Drone x4  
  99  6:32  Drone x2  
  105  6:40  Drone x3  
  105  6:42  Drone x2  
  105  6:43  Drone, Extractor  
  105  6:46  Drone  
  111  6:55  Zergling x2  
  111  6:56  Zergling x2  
  111  7:15  Hydralisk  
  111  7:16  Hydralisk x3  
  111  7:18  Overlord x4  
  116  7:37  Hydralisk  
  116  7:38  Hydralisk x11  
  116  7:43  Overlord  
Tags
 
Add a new tag
Caveats
  • Supply blocks, unpowered buildings, or Contaminate may cause inaccurate times.
  • Supply counts are checked every 10 seconds.